 Dungeon Crawl Stone Soup version 0.19-a0-291-ga637243 (webtiles) character file.

63 epen the Gusty (level 3, -12/20 HPs)
             Began as a Deep Elf Air Elementalist on May 27, 2016.
             Mangled by an ogre
             ... wielding a +0 giant spiked club
              (13 damage)
             ... on level 3 of the Dungeon.
             The game lasted 00:03:51 (1911 turns).

epen the Gusty (Deep Elf Air Elementalist)          Turns: 1911, Time: 00:03:52

Health: -12/20     AC:  4    Str:  5    XL:     3   Next: 89%
Magic:  9/9        EV: 13    Int: 20    God:
Gold:   172        SH:  0    Dex: 15    Spells: 3 memorised, 2 levels left

rFire  . . .     SeeInvis .     s - +0 dagger
rCold  . . .     Gourm    +     k - +2 robe {MR+}
rNeg   . . .     Faith    .     (no shield)
rPois  .         Spirit   .     (no helmet)
rElec  .         Dismiss  .     (no cloak)
rCorr  .         Reflect  .     (no gloves)
SustAt .         Harm     .     (no boots)
MR     +....                    l - amulet of the gourmand
Stlth  +++.......               (no ring)
                                i - ring of stealth

@: repel missiles, somewhat resistant to hostile enchantments, fairly stealthy
A: no striking features
a: no special abilities


You were on level 3 of the Dungeon.
You were not hungry.

You visited 1 branch of the dungeon, and saw 3 of its levels.

You collected 172 gold pieces.

Inventory:

Hand Weapons
 p - a +0 rapier
 s - a +0 dagger (weapon)
Armour
 a - a +0 robe
 k - a +2 robe of magic resistance (worn)
Jewellery
 i - a ring of stealth (left hand)
 l - an amulet of the gourmand (around neck)
 x - an uncursed amulet of dismissal {unknown}
Scrolls
 d - a scroll of blinking {unknown}
 h - a scroll of identify
 j - a scroll of immolation {unknown}
 m - a scroll of fog {unknown}
 o - 3 scrolls of teleportation {unknown}
 t - 3 scrolls of magic mapping {unknown}
 u - 2 scrolls of amnesia {unknown}
 w - a scroll of enchant weapon {unknown}
Potions
 e - a potion of brilliance {unknown}
 g - 2 potions of curing
 q - a potion of flight {unknown}
 r - a potion of haste {unknown}
 v - 3 potions of heal wounds {unknown}
Books
 b - a book of Air

   Spells                             Type                      Level
   a - Shock                          Conjuration/Air              1
   b - Swiftness                      Charms/Air                   2
   c - Repel Missiles                 Charms/Air                   2
   d - Static Discharge               Conjuration/Air              3
   e - Lightning Bolt                 Conjuration/Air              5
Comestibles
 c - 2 bread rations
 f - 3 meat rations
 n - a slice of pizza


   Skills:
 + Level 1.0 Fighting
 + Level 3.2 Dodging
 - Level 2.4 Stealth
 + Level 3.4 Spellcasting
 * Level 2.2 Conjurations
 * Level 3.5 Air Magic


You had 2 spell levels left.
You knew the following spells:

 Your Spells              Type           Power        Failure   Level  Hunger
a - Shock                 Conj/Air       ##..         4%          1    None
b - Repel Missiles        Chrm/Air       ##....       12%         2    ##.....
c - Static Discharge      Conj/Air       ##......     14%         3    ###....


Dungeon Overview and Level Annotations

Branches:
Dungeon (3/15)

Altars:
Ashenzari
Elyvilon
Qazlal
Sif Muna


Message History

Casting: Shock
Confirm with . or Enter, or press ? or * to list all spells.
Aiming: Shock
Press: ? - help, Shift-Dir - straight line, f/p - ogre
Aim: an ogre, wielding a giant spiked club (severely wounded)
The zap hits the ogre.
The ogre is severely wounded.
The ogre hits you with a giant spiked club!!
Ouch! That really hurt!
* * * LOW HITPOINT WARNING * * *
Found a deep blue altar of Sif Muna.
A bat comes into view.
Read which item? (? for menu, Esc to quit)
As you read the scroll labeled ZUYSE LEXKEIT, it crumbles to dust.
It is a scroll of identify.
Identify which item? (\ to view known items) (? for menu, Esc to quit)
g - 2 potions of curing The ogre hits you with a giant spiked club!
Ouch! That really hurt!
You die...

#.##.## #.#...≈≈≈... ......####
###.##....)... .........#
#...#......... ...#..##.#####
##..#..>.....(
#..#..##..<>.###+###............#
#..#.........#.8b8.#.............
#............#.._..#...#....###.#
#..#.##..######...###.#####..#.##
.........# ###@##...# #.#.###
...#.##.## #..O###### #.#####
.#.#.##.# #...# #.###.. ........#
#...# #.##... #.####..# #...#
#.#_... ....##..
##.###########.##... .....#.#.
#...........(..##..
.....#.#.######.#####..#####..###
._.................##..#####.....


You could see an ogre and a bat.

Vanquished Creatures
  2 adders
  2 worms
  A dart slug (D:1)
  2 orcs (D:3)
  6 bats
  3 giant cockroaches
  2 goblins
  4 hobgoblins
  2 jackals
  A ball python (D:1)
  3 giant newts
  5 kobolds
  2 rats
35 creatures vanquished.

Notes
Turn   | Place    | Note
--------------------------------------------------------------
     0 | D:1      | epen the Deep Elf Air Elementalist began the quest for the Orb.
     0 | D:1      | Reached XP level 1. HP: 10/10 MP: 6/6
   333 | D:1      | Reached XP level 2. HP: 16/16 MP: 1/8
   337 | D:1      | Learned a level 2 spell: Repel Missiles
   899 | D:2      | Reached XP level 3. HP: 20/20 MP: 7/9
   904 | D:2      | Learned a level 3 spell: Static Discharge
  1386 | D:3      | Found a stormy altar of Qazlal.
  1588 | D:3      | Found a shattered altar of Ashenzari.
  1689 | D:3      | Found a white marble altar of Elyvilon.
  1705 | D:3      | Reached skill level 1 in Fighting
  1824 | D:3      | Noticed an ogre
  1896 | D:3      | HP: 1/20 [ogre/giant spiked club (18)]
  1905 | D:3      | Found a deep blue altar of Sif Muna.
  1911 | D:3      | Mangled by an ogre

Vault maps used:
D:1:      ncdulo_watergridlock, minmay_misc_feat_tiny, minmay_statues_item
D:3:      elyvilon_altar_3, led_sif_book, marbit_many_paths, old_standard_altar

Skill      XL: |  1  2  3 |
---------------+----------+-----
Dodging        | 3 |  3.2
Conjurations   | 2 |  2.2
Fighting       | 1 |  1.0
Stealth        | |  2.4
Spellcasting   | |  3.4
Air Magic      | |  3.5

Action                   || total
-------------------------++-------
Melee: Dagger            ||    10
 Cast: Shock             ||    90
       Repel Missiles    ||     1
  Use: Scroll            ||     1
  Eat: Chunk             ||     3
Armor: Robe              ||     5
Dodge: Dodged            ||    25
       Deflected         ||     1
